2029 views
Uploaded 2022-09-02 19:57:54
Game version 1.32.10
42:00 long 3on3 ladder game on (6)ThunderLake_LV
Saved by Cabeelibob
2029 views
Uploaded 2022-09-02 19:57:54
Game version 1.32.10
42:00 long 3on3 ladder game on (6)ThunderLake_LV


131 units @ 11.8k
/ 1.3k
123 buildings @ 12.3k
/ 5.6k


| Peasant | 18 | 1350 | / | 0 |
| Dragonhawk Rider | 5 | 1000 | / | 150 |
| total: | 23 | 2350g | / | 150w |
| Scout Tower | 38 | 1140 | / | 760 |
| Arcane Tower | 8 | 560 | / | 400 |
| Guard Tower | 8 | 560 | / | 400 |
| Altar of Kings | 1 | 180 | / | 50 |
| Farm | 7 | 560 | / | 140 |
| Lumber Mill | 3 | 360 | / | 0 |
| Arcane Vault | 1 | 130 | / | 30 |
| Town Hall | 2 | 770 | / | 410 |
| Arcane Sanctum | 1 | 150 | / | 140 |
| Gryphon Aviary | 1 | 140 | / | 150 |
| Keep | 1 | 320 | / | 210 |
| Castle | 1 | 360 | / | 210 |
| total: | 54 | 3430g | / | 1680w |
| 0:04 | Peasant |
| 0:04 | Peasant |
| 0:09 | Altar of Kings |
| 0:13 | Farm |
| 0:14 | Farm |
| 0:25 | Peasant |
| 0:39 | Lumber Mill |
| 0:42 | Peasant |
| 0:57 | Peasant |
| 1:01 | Farm |
| 1:07 | Scout Tower |
| 1:12 | Peasant |
| 1:30 | Peasant |
| 1:40 | Improved Lumber Harvesting |
| 1:41 | Arcane Tower |
| 1:43 | Peasant |
| 1:50 | Scout Tower |
| 1:55 | Peasant |
| 2:20 | Peasant |
| 2:20 | Peasant |
| 2:20 | Peasant |
| 2:25 | Improved Masonry |
| 2:49 | Storm Bolt |
| 3:11 | Scout Tower |
| 3:11 | Scout Tower |
| 3:13 | Scout Tower |
| 3:14 | Scout Tower |
| 3:14 | Scout Tower |
| 3:15 | Scout Tower |
| 3:16 | Scout Tower |
| 3:19 | Scout Tower |
| 3:19 | Scout Tower |
| 3:20 | Scout Tower |
| 3:22 | Scout Tower |
| 3:23 | Scout Tower |
| 3:24 | Scout Tower |
| 3:30 | Peasant |
| 3:30 | Peasant |
| 3:34 | Guard Tower |
| 3:53 | Guard Tower |
| 4:07 | Bash |
| 4:20 | Keep |
| 4:51 | Scout Tower |
| 4:55 | Scout Tower |
| 4:57 | Scout Tower |
| 5:00 | Scout Tower |
| 5:31 | Guard Tower |
| 5:35 | Scout Tower |
| 5:41 | Scout Tower |
| 5:42 | Scout Tower |
| 5:43 | Scout Tower |
| 5:48 | Scout Tower |
| 5:49 | Scout Tower |
| 6:24 | Guard Tower |
| 6:25 | Guard Tower |
| 6:27 | Arcane Tower |
| 6:30 | Scout Tower |
| 6:34 | Scout Tower |
| 6:38 | Scout Tower |
| 6:51 | Advanced Masonry |
| 7:07 | Arcane Tower |
| 7:09 | Arcane Tower |
| 7:19 | Arcane Sanctum |
| 7:28 | Gryphon Aviary |
| 7:32 | Arcane Vault |
| 7:36 | Arcane Tower |
| 8:09 | Castle |
| 8:44 | Arcane Tower |
| 8:46 | Magic Sentry |
| 8:47 | Sorceress Adept Training |
| 8:54 | Scout Tower |
| 8:54 | Scout Tower |
| 8:56 | Scout Tower |
| 8:56 | Scout Tower |
| 9:54 | Guard Tower |
| 10:02 | Scout Tower |
| 10:03 | Scout Tower |
| 10:03 | Scout Tower |
| 10:04 | Scout Tower |
| 10:38 | Imbued Masonry |
| 10:41 | Cloud |
| 11:45 | Guard Tower |
| 11:48 | Scout Tower |
| 12:22 | Scout Tower |
| 12:24 | Arcane Tower |
| 12:39 | Storm Bolt |
| 13:02 | Arcane Tower |
| 13:16 | Lumber Mill |
| 13:20 | Lumber Mill |
| 14:02 | Farm |
| 14:03 | Farm |
| 14:08 | Farm |
| 14:08 | Farm |
| 14:46 | Dragonhawk Rider |
| 14:46 | Dragonhawk Rider |
| 20:07 | Town Hall |
| 20:54 | Town Hall |
| 21:05 | Guard Tower |
| 23:23 | Peasant |
| 23:23 | Peasant |
| 23:23 | Peasant |
| 24:02 | Peasant |
| 25:55 | Divine Shield |
| 29:26 | Storm Bolt |
| 30:42 | Dragonhawk Rider |
| 30:42 | Dragonhawk Rider |
| 30:42 | Dragonhawk Rider |
| 34:53 | Holy Light |
| 41:53 | Resurrection |
| Right click | 1981 |
| Select group | 1747 |
| Select | 387 |
| Chat | 155 |
| Build/train/purchase | 83 |
| Use ability | 36 |
| Assign group | 24 |
| Minimap ping | 13 |
| Resource trade | 10 |
| Misc. action | 9 |
| Item give/drop | 3 |
| Esc | 1 |


| Peasant | 19 | 1425 | / | 0 |
| Mortar Team | 4 | 720 | / | 280 |
| Flying Machine | 26 | 2600 | / | 780 |
| total: | 49 | 4745g | / | 1060w |
| Scout Tower | 17 | 510 | / | 340 |
| Arcane Tower | 2 | 140 | / | 100 |
| Guard Tower | 10 | 700 | / | 500 |
| Altar of Kings | 1 | 180 | / | 50 |
| Farm | 19 | 1520 | / | 380 |
| Lumber Mill | 1 | 120 | / | 0 |
| Town Hall | 1 | 385 | / | 205 |
| Blacksmith | 1 | 140 | / | 60 |
| Arcane Vault | 2 | 260 | / | 60 |
| Workshop | 3 | 420 | / | 420 |
| Keep | 1 | 320 | / | 210 |
| Castle | 1 | 360 | / | 210 |
| total: | 45 | 3535g | / | 1515w |
| 0:02 | Peasant |
| 0:02 | Peasant |
| 0:05 | Peasant |
| 0:18 | Altar of Kings |
| 0:22 | Peasant |
| 0:32 | Farm |
| 0:34 | Peasant |
| 0:48 | Lumber Mill |
| 0:49 | Peasant |
| 0:51 | Peasant |
| 0:55 | Farm |
| 1:07 | Peasant |
| 1:22 | Farm |
| 1:25 | Peasant |
| 1:40 | Scout Tower |
| 1:50 | Improved Masonry |
| 1:52 | Improved Lumber Harvesting |
| 1:53 | Advanced Masonry |
| 2:00 | Advanced Lumber Harvesting |
| 2:06 | Scout Tower |
| 2:08 | Arcane Tower |
| 2:16 | Storm Bolt |
| 2:57 | Town Hall |
| 3:03 | Scout Tower |
| 3:10 | Peasant |
| 3:10 | Peasant |
| 3:10 | Peasant |
| 3:11 | Peasant |
| 3:27 | Scout Tower |
| 3:34 | Peasant |
| 3:35 | Guard Tower |
| 4:07 | Scout Tower |
| 4:08 | Scout Tower |
| 4:09 | Guard Tower |
| 4:16 | Guard Tower |
| 4:19 | Peasant |
| 4:33 | Peasant |
| 4:33 | Peasant |
| 4:36 | Peasant |
| 4:45 | Keep |
| 4:47 | Peasant |
| 4:55 | Scout Tower |
| 4:55 | Scout Tower |
| 4:57 | Guard Tower |
| 5:00 | Guard Tower |
| 5:27 | Imbued Masonry |
| 5:30 | Guard Tower |
| 5:32 | Scout Tower |
| 5:32 | Scout Tower |
| 5:33 | Scout Tower |
| 5:42 | Blacksmith |
| 6:01 | Guard Tower |
| 6:18 | Guard Tower |
| 6:20 | Scout Tower |
| 6:21 | Scout Tower |
| 6:21 | Scout Tower |
| 6:33 | Farm |
| 6:34 | Farm |
| 6:39 | Guard Tower |
| 7:06 | Castle |
| 7:17 | Workshop |
| 7:25 | Black Gunpowder |
| 7:42 | Workshop |
| 7:50 | Workshop |
| 8:02 | Holy Light |
| 8:04 | Bash |
| 8:29 | Flak Cannons |
| 8:29 | Flare |
| 8:38 | Arcane Tower |
| 8:40 | Scout Tower |
| 8:41 | Scout Tower |
| 8:46 | Scout Tower |
| 9:05 | Holy Light |
| 9:41 | Guard Tower |
| 9:46 | Flying Machine Bombs |
| 9:50 | Refined Gunpowder |
| 9:56 | Farm |
| 9:57 | Farm |
| 9:57 | Farm |
| 10:10 | Farm |
| 10:11 | Farm |
| 10:14 | Farm |
| 11:08 | Fragmentation Shards |
| 11:08 | Mortar Team |
| 11:12 | Farm |
| 11:13 | Farm |
| 11:15 | Farm |
| 11:16 | Farm |
| 12:31 | Flying Machine |
| 12:31 | Flying Machine |
| 12:31 | Flying Machine |
| 12:31 | Flying Machine |
| 12:31 | Flying Machine |
| 12:32 | Flying Machine |
| 12:32 | Flying Machine |
| 13:07 | Imbued Gunpowder |
| 13:07 | Iron Plating |
| 13:09 | Flying Machine |
| 13:09 | Flying Machine |
| 13:11 | Flying Machine |
| 13:11 | Flying Machine |
| 13:11 | Flying Machine |
| 14:18 | Flying Machine |
| 14:18 | Flying Machine |
| 14:18 | Flying Machine |
| 17:12 | Divine Shield |
| 17:49 | Storm Bolt |
| 18:17 | Arcane Vault |
| 18:19 | Arcane Vault |
| 18:54 | Divine Shield |
| 21:01 | Holy Light |
| 21:03 | Holy Light |
| 21:06 | Bash |
| 22:02 | Mortar Team |
| 22:09 | Farm |
| 22:10 | Farm |
| 22:11 | Farm |
| 22:12 | Farm |
| 22:37 | Bash |
| 22:53 | Mortar Team |
| 24:18 | Flying Machine |
| 24:18 | Flying Machine |
| 24:19 | Flying Machine |
| 24:21 | Flying Machine |
| 26:08 | Steel Plating |
| 26:10 | Mithril Plating |
| 26:39 | Divine Shield |
| 29:30 | Storm Bolt |
| 30:05 | Mortar Team |
| 30:40 | Flying Machine |
| 30:41 | Flying Machine |
| 30:41 | Flying Machine |
| 30:41 | Flying Machine |
| 30:41 | Flying Machine |
| 30:41 | Flying Machine |
| 30:42 | Flying Machine |
| 31:14 | Holy Light |
| 37:45 | Avatar |
| Right click | 1408 |
| Select group | 796 |
| Select | 447 |
| Misc. action | 191 |
| Build/train/purchase | 117 |
| Use ability | 106 |
| Resource trade | 22 |
| Assign group | 13 |
| Minimap ping | 9 |
| Esc | 5 |
| Remove unit | 3 |
Cabeelibob
(194)
(41:55) : 
| Healing Salve | 2 | 200 |
| Lesser Clarity Potion | 8 | 560 |
| Orb of Lightning | 1 | 375 |
| Tiny Great Hall | 5 | 3000 |
| Potion of Mana | 1 | 200 |
| Boots of Speed | 1 | 250 |
| Staff of Teleportation | 1 | 150 |
| Gloves of Haste | 1 | 125 |
| Claws of Attack +6 | 1 | 125 |
| Claws of Attack +9 | 1 | 300 |
| total: | 22 | 5285g |
| Peon | 55 | 4125 | / | 0 |
| Troll Witch Doctor | 4 | 580 | / | 100 |
| total: | 59 | 4705g | / | 100w |
| Watch Tower | 7 | 770 | / | 560 |
| Altar of Storms | 2 | 360 | / | 100 |
| Orc Burrow | 3 | 480 | / | 120 |
| War Mill | 2 | 410 | / | 0 |
| Great Hall | 8 | 3080 | / | 1480 |
| Voodoo Lounge | 1 | 130 | / | 30 |
| Spirit Lodge | 1 | 150 | / | 150 |
| Stronghold | 1 | 315 | / | 190 |
| Fortress | 1 | 325 | / | 190 |
| total: | 24 | 5380g | / | 2440w |
| 0:05 | Altar of Storms |
| 0:08 | Orc Burrow |
| 0:09 | Peon |
| 0:39 | Peon |
| 0:39 | Peon |
| 0:52 | Peon |
| 1:05 | Orc Burrow |
| 1:15 | Peon |
| 1:23 | War Mill |
| 1:36 | Peon |
| 1:48 | Peon |
| 1:55 | Peon |
| 2:07 | Wind Walk |
| 2:17 | Peon |
| 2:50 | Great Hall |
| 2:56 | Peon |
| 3:19 | Voodoo Lounge |
| 4:50 | Orc Burrow |
| 5:32 | Stronghold |
| 5:35 | Watch Tower |
| 5:41 | Spiked Barricades |
| 5:44 | Watch Tower |
| 5:45 | Watch Tower |
| 5:46 | Watch Tower |
| 6:27 | Boots of Speed |
| 6:28 | Staff of Teleportation |
| 6:38 | War Mill |
| 6:54 | Watch Tower |
| 6:57 | Healing Salve |
| 6:59 | Lesser Clarity Potion |
| 7:00 | Lesser Clarity Potion |
| 8:42 | Fortress |
| 9:53 | Gloves of Haste |
| 9:54 | Claws of Attack +6 |
| 10:14 | Spirit Lodge |
| 11:37 | Witch Doctor Adept Training |
| 11:39 | Healing Salve |
| 11:42 | Lesser Clarity Potion |
| 11:54 | Orb of Lightning |
| 12:10 | Reinforced Defenses |
| 12:57 | Witch Doctor Master Training |
| 13:20 | Critical Strike |
| 14:10 | Peon |
| 14:10 | Peon |
| 14:10 | Peon |
| 14:34 | Peon |
| 14:43 | Troll Witch Doctor |
| 14:43 | Troll Witch Doctor |
| 14:44 | Troll Witch Doctor |
| 14:44 | Troll Witch Doctor |
| 16:47 | Lesser Clarity Potion |
| 17:11 | Wind Walk |
| 17:42 | Altar of Storms |
| 20:38 | Great Hall |
| 20:48 | Tiny Great Hall |
| 21:39 | Peon |
| 21:39 | Peon |
| 21:39 | Peon |
| 21:39 | Peon |
| 21:39 | Peon |
| 23:03 | Lesser Clarity Potion |
| 23:11 | Critical Strike |
| 23:15 | Tiny Great Hall |
| 23:27 | Peon |
| 23:27 | Peon |
| 23:27 | Peon |
| 23:27 | Peon |
| 23:28 | Peon |
| 23:29 | Peon |
| 23:29 | Peon |
| 23:29 | Peon |
| 24:11 | Peon |
| 24:11 | Peon |
| 24:12 | Peon |
| 24:12 | Peon |
| 24:12 | Peon |
| 24:46 | Lesser Clarity Potion |
| 25:40 | Peon |
| 25:41 | Peon |
| 25:41 | Peon |
| 25:41 | Peon |
| 25:41 | Peon |
| 26:07 | Claws of Attack +9 |
| 27:44 | Wind Walk |
| 29:52 | Great Hall |
| 30:23 | Great Hall |
| 32:38 | Peon |
| 32:38 | Peon |
| 32:55 | Lesser Clarity Potion |
| 33:02 | Peon |
| 33:02 | Peon |
| 33:03 | Peon |
| 33:03 | Peon |
| 34:23 | Bladestorm |
| 34:50 | Tiny Great Hall |
| 36:51 | Tiny Great Hall |
| 37:05 | Great Hall |
| 37:26 | Great Hall |
| 37:32 | Great Hall |
| 37:55 | Peon |
| 37:55 | Peon |
| 37:55 | Peon |
| 37:55 | Peon |
| 37:55 | Peon |
| 38:39 | Watch Tower |
| 39:42 | Peon |
| 39:42 | Peon |
| 39:42 | Peon |
| 39:53 | Great Hall |
| 40:00 | Tiny Great Hall |
| 40:14 | Potion of Mana |
| 40:55 | Watch Tower |
| 41:00 | Lesser Clarity Potion |
| 41:15 | Peon |
| 41:15 | Peon |
| 41:15 | Peon |
| 41:15 | Peon |
| Right click | 1347 |
| Select | 246 |
| Select group | 157 |
| Build/train/purchase | 147 |
| Misc. action | 116 |
| Resource trade | 108 |
| Chat | 104 |
| Use ability | 18 |
| Item give/drop | 16 |
| Assign group | 7 |
| Minimap ping | 5 |
| Remove unit | 3 |
209 units @ 25.2k
/ 3k
147 buildings @ 20.4k
/ 9k


| Scroll of Town Portal | 2 | 700 |
| Scroll of Regeneration | 1 | 100 |
| total: | 3 | 800g |
| Wisp | 59 | 3540 | / | 0 |
| Huntress | 12 | 2340 | / | 240 |
| Archer | 15 | 1950 | / | 150 |
| Hippogryph | 17 | 2720 | / | 340 |
| Druid of the Talon | 4 | 580 | / | 80 |
| total: | 107 | 11130g | / | 810w |
| Ancient Protector | 18 | 2430 | / | 1440 |
| Altar of Elders | 3 | 540 | / | 150 |
| Moon Well | 13 | 2340 | / | 520 |
| Hunter's Hall | 3 | 630 | / | 300 |
| Ancient of War | 3 | 450 | / | 180 |
| Ancient of Wonders | 1 | 90 | / | 30 |
| Tree of Life | 3 | 1020 | / | 555 |
| Ancient of Wind | 3 | 450 | / | 420 |
| Ancient of Lore | 1 | 155 | / | 145 |
| Tree of Ages | 3 | 960 | / | 540 |
| Tree of Eternity | 1 | 330 | / | 200 |
| total: | 48 | 8105g | / | 3740w |
| 0:05 | Altar of Elders |
| 0:08 | Wisp |
| 0:15 | Wisp |
| 0:29 | Wisp |
| 0:38 | Wisp |
| 0:41 | Moon Well |
| 0:51 | Wisp |
| 0:58 | Wisp |
| 1:09 | Hunter's Hall |
| 1:18 | Wisp |
| 1:37 | Ancient of War |
| 1:43 | Wisp |
| 1:43 | Wisp |
| 1:59 | Ancient of Wonders |
| 2:02 | Wisp |
| 2:02 | Wisp |
| 2:18 | Moon Well |
| 2:38 | Entangling Roots |
| 2:39 | Huntress |
| 3:13 | Moon Well |
| 3:16 | Huntress |
| 3:38 | Tree of Ages |
| 3:56 | Huntress |
| 4:16 | Ancient of War |
| 4:31 | Huntress |
| 5:22 | Huntress |
| 5:53 | Huntress |
| 6:00 | Thorns Aura |
| 6:28 | Moon Glaive |
| 6:30 | Huntress |
| 6:41 | Wisp |
| 6:41 | Wisp |
| 6:41 | Wisp |
| 7:04 | Huntress |
| 7:19 | Strength of the Moon |
| 7:23 | Trueshot Aura |
| 7:34 | Moon Well |
| 7:52 | Entangling Roots |
| 8:05 | Tree of Life |
| 8:14 | Huntress |
| 8:32 | Moon Well |
| 8:52 | Huntress |
| 9:04 | Scout |
| 9:18 | Huntress |
| 9:50 | Tree of Eternity |
| 9:51 | Moon Armor |
| 9:56 | Scroll of Regeneration |
| 11:01 | Huntress |
| 11:30 | Tree of Life |
| 12:13 | Wisp |
| 12:13 | Wisp |
| 12:13 | Wisp |
| 12:13 | Wisp |
| 12:14 | Wisp |
| 13:10 | Ancient of Wind |
| 13:45 | Wisp |
| 13:46 | Wisp |
| 13:46 | Wisp |
| 14:09 | Ancient of Wind |
| 14:12 | Improved Bows |
| 14:15 | Archer |
| 14:15 | Archer |
| 14:15 | Archer |
| 14:23 | Wisp |
| 14:23 | Wisp |
| 14:23 | Wisp |
| 14:23 | Wisp |
| 14:23 | Wisp |
| 14:31 | Thorns Aura |
| 14:44 | Vorpal Blades |
| 14:46 | Hippogryph |
| 15:02 | Hippogryph |
| 15:05 | Moon Well |
| 15:34 | Trueshot Aura |
| 15:51 | Hippogryph |
| 15:51 | Hippogryph |
| 15:52 | Marksmanship |
| 15:53 | Archer |
| 15:54 | Archer |
| 15:56 | Druid of the Talon |
| 16:29 | Druid of the Talon |
| 16:30 | Druid of the Talon Adept Training |
| 16:31 | Moon Well |
| 16:57 | Well Spring |
| 17:11 | Hippogryph |
| 17:12 | Hippogryph |
| 17:21 | Archer |
| 17:41 | Wisp |
| 17:41 | Wisp |
| 17:41 | Wisp |
| 17:41 | Wisp |
| 17:41 | Wisp |
| 17:44 | Ancient Protector |
| 18:13 | Ancient Protector |
| 18:17 | Ancient Protector |
| 18:20 | Ancient Protector |
| 18:23 | Wisp |
| 18:24 | Wisp |
| 18:24 | Wisp |
| 18:45 | Hippogryph |
| 19:33 | Hippogryph |
| 19:53 | Ancient Protector |
| 19:55 | Ancient Protector |
| 20:06 | Hippogryph |
| 20:11 | Ancient of Wind |
| 20:24 | Ancient Protector |
| 20:27 | Ancient Protector |
| 20:28 | Wisp |
| 20:28 | Wisp |
| 20:29 | Wisp |
| 20:39 | Scroll of Town Portal |
| 20:42 | Scroll of Town Portal |
| 21:02 | Ancient Protector |
| 21:04 | Ancient Protector |
| 21:07 | Ancient Protector |
| 21:10 | Ancient Protector |
| 21:30 | Hippogryph |
| 21:37 | Wisp |
| 22:03 | Ancient Protector |
| 22:18 | Druid of the Talon Master Training |
| 22:22 | Wisp |
| 22:22 | Wisp |
| 22:22 | Wisp |
| 22:37 | Hippogryph |
| 22:40 | Wisp |
| 22:40 | Wisp |
| 23:19 | Hippogryph |
| 23:33 | Ancient Protector |
| 23:43 | Ancient Protector |
| 23:50 | Mark of the Talon |
| 23:52 | Hippogryph |
| 24:14 | Wisp |
| 24:14 | Wisp |
| 24:15 | Wisp |
| 24:44 | Hippogryph |
| 25:17 | Druid of the Talon |
| 25:17 | Druid of the Talon |
| 25:18 | Hippogryph |
| 25:56 | Archer |
| 26:40 | Archer |
| 26:41 | Archer |
| 27:17 | Hippogryph |
| 27:44 | Searing Arrows |
| 27:45 | Searing Arrows |
| 28:35 | Hippogryph |
| 28:51 | Wisp |
| 28:52 | Wisp |
| 29:00 | Tree of Life |
| 30:08 | Altar of Elders |
| 30:10 | Moon Well |
| 30:40 | Tree of Ages |
| 30:45 | Hunter's Hall |
| 31:07 | Hunter's Hall |
| 31:09 | Wisp |
| 31:09 | Wisp |
| 31:09 | Wisp |
| 31:09 | Wisp |
| 31:25 | Ancient of War |
| 31:28 | Wisp |
| 32:09 | Wisp |
| 32:09 | Wisp |
| 32:12 | Ancient Protector |
| 32:28 | Ancient Protector |
| 32:30 | Archer |
| 32:34 | Wisp |
| 32:39 | Ultravision |
| 32:47 | Ancient Protector |
| 32:49 | Wisp |
| 32:49 | Wisp |
| 32:54 | Archer |
| 33:05 | Nature's Blessing |
| 33:13 | Archer |
| 33:24 | Ancient of Lore |
| 34:05 | Tree of Ages |
| 34:23 | Altar of Elders |
| 34:32 | Archer |
| 34:33 | Archer |
| 34:49 | Moon Well |
| 34:56 | Archer |
| 35:17 | Moon Well |
| 35:20 | Moon Well |
| 35:25 | Moon Well |
| 35:41 | Moon Well |
| Select | 568 |
| Select group | 530 |
| Right click | 517 |
| Misc. action | 203 |
| Build/train/purchase | 156 |
| Use ability | 84 |
| Assign group | 50 |
| Remove unit | 5 |
| Resource trade | 5 |
| Item give/drop | 1 |
| Minimap ping | 1 |

| Staff of Preservation | 1 | 150 |
| total: | 1 | 150g |
| Wisp | 24 | 1440 | / | 0 |
| Archer | 8 | 1040 | / | 80 |
| Huntress | 2 | 390 | / | 40 |
| Mountain Giant | 1 | 350 | / | 100 |
| Druid of the Claw | 8 | 2040 | / | 640 |
| Hippogryph | 10 | 1600 | / | 200 |
| total: | 53 | 6860g | / | 1060w |
| Ancient Protector | 2 | 270 | / | 160 |
| Moon Well | 7 | 1260 | / | 280 |
| Altar of Elders | 1 | 180 | / | 50 |
| Ancient of War | 1 | 150 | / | 60 |
| Hunter's Hall | 1 | 210 | / | 100 |
| Ancient of Wonders | 1 | 90 | / | 30 |
| Tree of Life | 1 | 340 | / | 185 |
| Ancient of Lore | 2 | 310 | / | 290 |
| Ancient of Wind | 2 | 300 | / | 280 |
| Tree of Ages | 1 | 320 | / | 180 |
| Tree of Eternity | 1 | 330 | / | 200 |
| total: | 18 | 3110g | / | 1435w |
| 0:02 | Wisp |
| 0:02 | Wisp |
| 0:02 | Wisp |
| 0:14 | Moon Well |
| 0:35 | Wisp |
| 0:48 | Altar of Elders |
| 0:52 | Wisp |
| 0:58 | Ancient of War |
| 1:02 | Wisp |
| 1:09 | Moon Well |
| 1:14 | Wisp |
| 1:23 | Wisp |
| 1:25 | Wisp |
| 1:45 | Wisp |
| 2:00 | Archer |
| 2:08 | Hunter's Hall |
| 2:22 | Archer |
| 2:40 | Archer |
| 2:50 | Entangling Roots |
| 2:53 | Archer |
| 3:15 | Huntress |
| 3:18 | Strength of the Moon |
| 3:40 | Huntress |
| 4:04 | Moon Well |
| 4:52 | Force of Nature |
| 5:04 | Tree of Ages |
| 5:06 | Moon Armor |
| 5:09 | Archer |
| 5:24 | Moon Well |
| 6:33 | Archer |
| 6:34 | Archer |
| 6:38 | Strength of the Wild |
| 6:39 | Reinforced Hides |
| 7:08 | Ancient of Wonders |
| 7:13 | Archer |
| 7:27 | Ancient of Lore |
| 7:31 | Ancient of Lore |
| 7:38 | Entangling Roots |
| 8:26 | Ancient Protector |
| 8:31 | Ancient Protector |
| 8:39 | Abolish Magic |
| 8:43 | Druid of the Claw Adept Training |
| 8:45 | Tree of Eternity |
| 8:48 | Improved Strength of the Wild |
| 10:10 | Force of Nature |
| 10:43 | Tree of Life |
| 10:53 | Mountain Giant |
| 11:39 | Druid of the Claw Master Training |
| 11:40 | Druid of the Claw |
| 11:42 | Wisp |
| 11:42 | Wisp |
| 11:43 | Wisp |
| 11:43 | Wisp |
| 12:09 | Staff of Preservation |
| 12:30 | Mark of the Claw |
| 12:56 | Druid of the Claw |
| 14:20 | Advanced Strength of the Wild |
| 14:22 | Wisp |
| 14:22 | Wisp |
| 14:23 | Wisp |
| 14:26 | Wisp |
| 14:26 | Wisp |
| 14:26 | Wisp |
| 14:26 | Wisp |
| 14:26 | Wisp |
| 15:08 | Druid of the Claw |
| 15:10 | Improved Reinforced Hides |
| 17:02 | Druid of the Claw |
| 17:02 | Druid of the Claw |
| 17:02 | Druid of the Claw |
| 17:02 | Druid of the Claw |
| 17:03 | Druid of the Claw |
| 18:18 | Ancient of Wind |
| 18:22 | Ancient of Wind |
| 18:55 | Moon Well |
| 18:59 | Moon Well |
| 19:01 | Wisp |
| 19:02 | Wisp |
| 19:56 | Hippogryph |
| 19:57 | Hippogryph |
| 19:58 | Hippogryph |
| 19:59 | Hippogryph |
| 20:37 | Hippogryph |
| 20:38 | Hippogryph |
| 20:38 | Hippogryph |
| 20:38 | Hippogryph |
| 21:07 | Hippogryph |
| 21:26 | Moon Well |
| 21:50 | Hippogryph |
| Right click | 625 |
| Select | 251 |
| Assign group | 90 |
| Build/train/purchase | 88 |
| Select group | 29 |
| Use ability | 22 |
| Misc. action | 15 |
| Item give/drop | 3 |
| Minimap ping | 1 |


| Scroll of Regeneration | 4 | 400 |
| total: | 4 | 400g |
| Peasant | 19 | 1425 | / | 0 |
| Footman | 1 | 135 | / | 0 |
| Rifleman | 22 | 4510 | / | 660 |
| Mortar Team | 3 | 540 | / | 210 |
| Siege Engine | 1 | 195 | / | 60 |
| Dryad | 3 | 435 | / | 180 |
| total: | 49 | 7240g | / | 1110w |
| Scout Tower | 24 | 720 | / | 480 |
| Arcane Tower | 1 | 70 | / | 50 |
| Guard Tower | 4 | 280 | / | 200 |
| Altar of Kings | 2 | 360 | / | 100 |
| Farm | 25 | 2000 | / | 500 |
| Blacksmith | 2 | 280 | / | 120 |
| Barracks | 3 | 480 | / | 180 |
| Lumber Mill | 3 | 360 | / | 0 |
| Arcane Vault | 3 | 390 | / | 90 |
| Town Hall | 5 | 1925 | / | 1025 |
| Workshop | 4 | 560 | / | 560 |
| Keep | 2 | 640 | / | 420 |
| Castle | 2 | 720 | / | 420 |
| Tree of Life | 2 | 680 | / | 370 |
| Moon Well | 6 | 1080 | / | 240 |
| Ancient of War | 2 | 300 | / | 120 |
| total: | 81 | 9135g | / | 3785w |
| 0:01 | Peasant |
| 0:01 | Peasant |
| 0:11 | Peasant |
| 0:11 | Peasant |
| 0:18 | Altar of Kings |
| 0:27 | Peasant |
| 0:27 | Peasant |
| 1:03 | Farm |
| 1:09 | Peasant |
| 1:16 | Blacksmith |
| 1:18 | Barracks |
| 1:34 | Farm |
| 1:38 | Farm |
| 1:45 | Peasant |
| 2:01 | Farm |
| 2:18 | Farm |
| 2:23 | Footman |
| 2:28 | Rifleman |
| 2:28 | Rifleman |
| 2:28 | Rifleman |
| 2:32 | Black Gunpowder |
| 2:42 | Storm Bolt |
| 2:49 | Peasant |
| 2:50 | Peasant |
| 2:57 | Scout Tower |
| 3:17 | Rifleman |
| 3:38 | Arcane Tower |
| 3:39 | Rifleman |
| 4:24 | Rifleman |
| 4:26 | Keep |
| 5:08 | Thunder Clap |
| 5:39 | Studded Leather Armor |
| 5:45 | Farm |
| 5:48 | Farm |
| 5:52 | Lumber Mill |
| 6:40 | Arcane Vault |
| 6:43 | Arcane Vault |
| 7:04 | Refined Gunpowder |
| 7:05 | Long Rifles |
| 7:08 | Peasant |
| 7:08 | Peasant |
| 7:09 | Improved Lumber Harvesting |
| 7:55 | Rifleman |
| 7:55 | Rifleman |
| 8:00 | Town Hall |
| 8:04 | Scout Tower |
| 8:05 | Scout Tower |
| 8:10 | Scout Tower |
| 8:11 | Scout Tower |
| 8:13 | Farm |
| 8:15 | Farm |
| 8:16 | Farm |
| 8:23 | Scroll of Regeneration |
| 8:26 | Scroll of Regeneration |
| 8:46 | Thunder Clap |
| 9:41 | Rifleman |
| 9:45 | Guard Tower |
| 10:52 | Brilliance Aura |
| 10:57 | Rifleman |
| 11:00 | Reinforced Leather Armor |
| 11:02 | Castle |
| 11:46 | Rifleman |
| 12:29 | Rifleman |
| 13:06 | Workshop |
| 13:06 | Workshop |
| 13:57 | Storm Bolt |
| 14:08 | Mortar Team |
| 14:13 | Workshop |
| 14:36 | Mortar Team |
| 14:42 | Workshop |
| 15:04 | Fragmentation Shards |
| 15:06 | Siege Engine |
| 15:12 | Scout Tower |
| 15:13 | Scout Tower |
| 15:14 | Scout Tower |
| 15:17 | Scout Tower |
| 15:18 | Scout Tower |
| 15:19 | Scout Tower |
| 15:20 | Scout Tower |
| 15:28 | Mortar Team |
| 15:54 | Guard Tower |
| 16:14 | Farm |
| 16:15 | Farm |
| 16:53 | Peasant |
| 16:53 | Peasant |
| 16:53 | Peasant |
| 16:53 | Peasant |
| 17:02 | Scout Tower |
| 17:02 | Scout Tower |
| 17:03 | Scout Tower |
| 17:04 | Scout Tower |
| 17:07 | Scout Tower |
| 17:08 | Scout Tower |
| 17:09 | Scout Tower |
| 17:38 | Guard Tower |
| 17:40 | Guard Tower |
| 19:43 | Lumber Mill |
| 19:54 | Lumber Mill |
| 20:22 | Improved Masonry |
| 20:45 | Town Hall |
| 21:02 | Town Hall |
| 23:48 | Peasant |
| 24:04 | Altar of Kings |
| 24:12 | Peasant |
| 24:42 | Blacksmith |
| 25:01 | Tree of Life |
| 25:09 | Moon Well |
| 25:09 | Moon Well |
| 25:10 | Moon Well |
| 25:14 | Moon Well |
| 25:14 | Moon Well |
| 25:15 | Moon Well |
| 25:24 | Farm |
| 25:24 | Farm |
| 25:31 | Arcane Vault |
| 26:02 | Rifleman |
| 26:02 | Rifleman |
| 26:07 | Barracks |
| 26:23 | Dryad |
| 26:23 | Dryad |
| 26:23 | Dryad |
| 27:05 | Barracks |
| 27:19 | Rifleman |
| 28:02 | Rifleman |
| 28:05 | Rifleman |
| 28:09 | Keep |
| 29:05 | Blizzard |
| 29:19 | Rifleman |
| 29:19 | Rifleman |
| 29:20 | Rifleman |
| 29:46 | Scroll of Regeneration |
| 29:47 | Scroll of Regeneration |
| 30:45 | Castle |
| 30:55 | Farm |
| 30:57 | Farm |
| 31:50 | Rifleman |
| 31:51 | Rifleman |
| 33:01 | Town Hall |
| 34:39 | Thorns Aura |
| 34:49 | Scout Tower |
| 34:49 | Scout Tower |
| 34:50 | Scout Tower |
| 34:51 | Scout Tower |
| 34:51 | Scout Tower |
| 34:53 | Farm |
| 34:54 | Farm |
| 34:57 | Peasant |
| 35:24 | Imbued Gunpowder |
| 35:52 | Tree of Life |
| 36:18 | Storm Bolt |
| 36:31 | Farm |
| 36:33 | Farm |
| 36:33 | Farm |
| 36:34 | Farm |
| 36:34 | Farm |
| 36:40 | Farm |
| 36:41 | Farm |
| 37:53 | Ancient of War |
| 37:54 | Ancient of War |
| 38:14 | Brilliance Aura |
| 39:30 | Town Hall |
| Right click | 1080 |
| Select group | 783 |
| Select | 510 |
| Misc. action | 303 |
| Build/train/purchase | 148 |
| Chat | 87 |
| Use ability | 32 |
| Assign group | 25 |
| Minimap ping | 10 |
| Remove unit | 8 |
| Item give/drop | 2 |
⇛